 Dungeon Sprint DCSS version 0.30-a0-210-g01b79a254e (webtiles) character file.

Game seed: 10674843126265987022

282 rocky1 the Trooper (level 6, -2/72 HPs)
             Began as an Ogre Brigand on Oct 5, 2022.
             Was an Initiate of Gozag.
             Slain by a gnoll
             ... wielding a +0 whip
             ... led by a gnoll sergeant
              (7 damage)
             ... in the Dungeon (Sprint VII: "The Pits").
             The game lasted 00:02:07 (345 turns).

rocky1 the Trooper (Ogre Brigand)                    Turns: 345, Time: 00:02:08

Health: -2/72      AC:  4    Str: 18    XL:     6   Next: 28%
Magic:  6/6        EV: 11    Int: 12    God:    Gozag
Gold:   585        SH:  0    Dex: 10    Spells: 5/5 levels left

rFire   . . .      SeeInvis .    l - +2 mace
rCold   . . .      Faith    .    (no shield)
rNeg    . . .      Spirit   .    b - +0 robe
rPois   .          Reflect  .    (helmet restricted)
rElec   .          Harm     .    c - +0 cloak
rCorr   .          Rampage  .    (gloves unavailable)
Will    .....      NoTele   +    (boots unavailable)
Stlth   +++.......               (no amulet)
HPRegen 0.32/turn                (no ring)
MPRegen 0.10/turn                (no ring)

@: gold aura, on berserk cooldown
A: large, unfitting armour, tough skin 1
a: Renounce Religion, Potion Petition, Call Merchant, Bribe Branch


You were in the Dungeon.
You worshipped Gozag.
Gozag was pleased with you.
You visited 1 branch You collected 585 gold pieces.

Inventory:

Hand Weapons
 a - a +2 dagger
 l - a +2 mace (weapon)
Missiles
 d - 4 poisoned darts (quivered)
 e - 3 curare-tipped darts
Armour
 b - a +0 robe (worn)
 c - a +0 cloak (worn)
Scrolls
 k - a scroll of blinking
 n - 5 scrolls of amnesia
 o - a scroll of summoning
Potions
 h - a potion of haste
 i - 4 potions of magic
 j - 2 potions of berserk rage
 m - a potion of invisibility


   Skills:
 + Level 7.9 Fighting
 - Level 1.7 Short Blades
 * Level 7.1 Maces & Flails
 - Level 2.0 Throwing
 + Level 5.1 Dodging
 + Level 5.6 Stealth


You had 5 spell levels left.
You didn't know any spells.
Your spell library was empty.

Dungeon Overview and Level Annotations

Branches:
Dungeon (1/1)

Altars:
Ashenzari
Cheibriados
Dithmenos
Elyvilon
Fedhas
Gozag
Hepliaklqana
Kikubaaqudgha
Makhleb
Nemelex Xobeh
Okawaru
Qazlal
Ru
Sif Muna
Trog
Uskayaw
Vehumet
Wu Jian
Xom
Yredelemnul
Zin
The Shining One
Jiyva
Lugonu


Innate Abilities, Weirdness & Mutations

You are too large for most types of armour.
You have tough skin. (AC +1)


Message History

You kill the adder!
You sock the gnoll!
The gnoll is severely wounded.
The gnoll barely misses you. The gnoll hits you with a +0 flail!
* * * LOW HITPOINT WARNING * * *
Unknown command.
You feel better. The gnoll hits you with a +0 flail.
* * * LOW HITPOINT WARNING * * *
Unknown command.
You hit the gnoll.
The gnoll is almost dead.
The gnoll barely misses you. The gnoll hits you with a +0 flail.
* * * LOW HITPOINT WARNING * * *
You closely miss the gnoll.
The gnoll is almost dead.
The gnoll hits you with a +0 flail.
* * * LOW HITPOINT WARNING * * *
The gnoll closely misses you.
Okay, then.
You hit the gnoll.
You kill the gnoll!
You feel yourself speed up.
Unknown command.
You now have enough gold to petition Gozag for potion effects.
You now have 585 gold pieces (gained 261).
Things that are here:
a +0 flail; a +1 antimagic whip; a +0 whip You close the door.
You start resting.
Something unseen opens the door.
You start resting.
A gnoll is nearby!
Okay, then.
You hit the gnoll.
The gnoll is moderately wounded.
The gnoll barely misses you.
You sock the gnoll!
The gnoll is almost dead.
The gnoll hits you with a +0 whip!
You die...
Your body crumbles into a pile of gold.

############
#_________.#
#_________.#
#_______...###########+
##########'##..........
#.?(.')))'.##......#..#
##########.##..........
#.....@$..รท.(..........
#+#####g#####......#..#
#..#..#..##..........
#.g'..'..#####'#####+
##g####+###.......#
#....S.g.##.......#
#...gS.g.##.......#
#####+#####...<...#
#.......#


You could see a gnoll.

Vanquished Creatures
  A floating eye (D)
  A gnoll sergeant (D)
  A scorpion (D)
  4 gnolls (D)
  2 adders (D)
  An ufetubus (D)
  A quokka (D)
  2 bats (D)
  A rat (D)
14 creatures vanquished.

Notes
Turn   | Place    | Note
-------+----------+-------------------------------------------
     0 | D        | rocky1 the Ogre Brigand began the quest for the Orb.
     0 | D        | Reached XP level 1. HP: 22/22 MP: 1/1
    15 | D        | Reached skill level 1 in Dodging
    42 | D        | Found a bloodstained altar of Trog.
    42 | D        | Found a shimmering blue altar of Sif Muna.
    42 | D        | Found a viscous altar of Jiyva.
    42 | D        | Found a hazy altar of Hepliaklqana.
    42 | D        | Found an opulent altar of Gozag.
    43 | D        | Found a glowing golden altar of the Shining One.
    43 | D        | Found a glowing silver altar of Zin.
    43 | D        | Found a basalt altar of Yredelemnul.
    43 | D        | Found a shimmering altar of Xom.
    43 | D        | Found an ornate altar of the Wu Jian Council.
    43 | D        | Found a sacrificial altar of Ru.
    43 | D        | Found a stormy altar of Qazlal.
    43 | D        | Found an iron altar of Okawaru.
    43 | D        | Found a sparkling altar of Nemelex Xobeh.
    43 | D        | Found a burning altar of Makhleb.
    43 | D        | Found a blossoming altar of Fedhas.
    43 | D        | Found a white marble altar of Elyvilon.
    43 | D        | Found a shadowy altar of Dithmenos.
    43 | D        | Found a snail-covered altar of Cheibriados.
    47 | D        | Found a corrupted altar of Lugonu.
    47 | D        | Found a radiant altar of Vehumet.
    48 | D        | Found a broken altar of Ashenzari.
    48 | D        | Found an ancient bone altar of Kikubaaqudgha.
    48 | D        | Found a hide-covered altar of Uskayaw.
    50 | D        | Became a worshipper of Gozag Ym Sagoz the Greedy
    73 | D        | Noticed a floating eye
    75 | D        | Paralysed by a floating eye for 2 turns
    77 | D        | Killed a floating eye
    78 | D        | Reached skill level 5 in Fighting
    78 | D        | Reached XP level 2. HP: 36/36 MP: 2/2
    78 | D        | Reached XP level 3. HP: 44/44 MP: 3/3
    78 | D        | Reached XP level 4. HP: 52/52 MP: 4/4
   294 | D        | Noticed a gnoll sergeant
   297 | D        | Noticed a scorpion
   305 | D        | Killed a gnoll sergeant
   306 | D        | Reached skill level 5 in Maces & Flails
   306 | D        | Reached skill level 5 in Stealth
   306 | D        | Reached XP level 5. HP: 34/61 MP: 5/5
   326 | D        | Reached XP level 6. HP: 14/71 MP: 6/6
   328 | D        | Reached skill level 5 in Dodging
   337 | D        | HP: 2/72 [gnoll/+0 flail[a gnoll sergeant] (6)]
   345 | D        | Slain by a gnoll

Illustrated notes

Levels and vault maps discovered:
D:        pitsprint [storerooms_1, entrance_room_1, metal_vault_5, armoury_1,
          mini_pit_1, grid_room_1, main_hall_1, silver_pit, the_coven_3,
          the_vestibule_1, steel_vault_4, golden_pit, hallway_of_sentries,
          crystal_vault_2, iron_vault_4, final_vault]

Skill      XL: |  1  2  3  4  5  6 |
---------------+-------------------+-----
Fighting       | 5 6 7 |  7.9
Dodging        | 3 4 5 |  5.1
Stealth        | 4 5 |  5.6
Maces & Flails | 4 5 6 7 |  7.1
Short Blades   | |  1.7
Throwing       | |  2.0

Action                   |  1- 3 |  4- 6 || total
-------------------------+-------+-------++-------
Melee: Mace              |     8 |    33 ||    41
       Dagger            |     1 |       ||     1
       Punch             |     1 |       ||     1
Throw: Dart              |       |     5 ||     5
  Use: Potion            |       |     4 ||     4
 Stab: Sleeping          |     1 |       ||     1
       Invisible         |       |     3 ||     3
       Distracted        |       |     1 ||     1
Armor: Robe              |     9 |     2 ||    11
Dodge: Dodged            |     3 |    25 ||    28

Table legend: (Time is in decaauts)
 A = Elapsed time spent in this place.
 B = Non-inter-level travel time spent in this place.
 C = Inter-level travel time spent in this place.
 D = Time resting spent in this place.
 E = Time spent auto-exploring this place.
 F = Levels seen in this place.
 G = Mean time per level.
                   A        B        C        D        E       F      G
               +--------+--------+--------+--------+--------+-----+--------+
         Total |    359 |    359 |      0 |    202 |      0 |   1 |  359.0 |
       Dungeon |    359 |    359 |      0 |    202 |      0 |   1 |  359.0 |
               +--------+--------+--------+--------+--------+-----+--------+

Top non-repeatable levels by time:
       D: 359 daAuts
